 Dungeon Crawl Stone Soup version 0.28.0-43-g3370ac3207 (webtiles) character file.

Game seed: 4518856432535943482

22 crimpus the Skirmisher (level 2, -3/25 HPs)
             Began as a Merfolk Fighter on Mar 27, 2022.
             Slain by a gnoll
             ... wielding a +0 flail
              (9 damage)
             ... on level 2 of the Dungeon.
             The game lasted 00:00:58 (912 turns).

crimpus the Skirmisher (Merfolk Fighter)             Turns: 912, Time: 00:00:59

Health: -3/25      AC:  2    Str: 16    XL:     2   Next: 91%
Magic:  2/2        EV: 11    Int:  7    God:
Gold:   65         SH:  4    Dex: 13    Spells: 1/1 levels left

rFire   . . .      SeeInvis .   a - +0 trident
rCold   . . .      Faith    .   c - +0 buckler
rNeg    . . .      Spirit   .   f - +0 robe
rPois   .          Reflect  .   (no helmet)
rElec   .          Harm     .   (no cloak)
rCorr   .          Rampage  .   (no gloves)
Will    .....                   (no boots)
Stlth   +.........              (no amulet)
HPRegen 0.08/turn               (no ring)
MPRegen 0.08/turn               (no ring)

@: no status effects
A: (nimble swimmer 2), mertail
a: no special abilities


You were on level 2 of the Dungeon.
You visited 1 branch of the dungeon, and saw 2 of its levels.

You collected 65 gold pieces.

Inventory:

Hand Weapons
 a - a +0 trident (weapon)
Armour
 b - a +0 scale mail
 c - a +0 buckler (worn)
 f - a +0 robe (worn)
Scrolls
 e - a scroll of fear {unknown}
 g - a scroll of identify {unknown}
Potions
 d - a potion of might


   Skills:
 + Level 3.6 Fighting
 + Level 3.4 Polearms
 - Level 2.1 Armour
 * Level 1.4 Dodging
 + Level 3.2 Shields


You had one spell level left.
You didn't know any spells.
Your spell library was empty.

Dungeon Overview and Level Annotations

Branches:
Dungeon (2/15)

Altars:


Innate Abilities, Weirdness & Mutations

((You are very nimble when in or above water. (Stealth+, EV+, Speed+++)))
Your lower body shifts to a powerful aquatic tail in water.


Message History

The endoplasm is heavily wounded.
A hobgoblin comes into view.
The endoplasm freezes you.
You are frozen.
A goblin comes into view. It is wielding a +0 dagger.
You hit the endoplasm.
The endoplasm is almost dead.
The endoplasm freezes you.
You are frozen.
The endoplasm hits you.
You puncture the endoplasm!
You kill the endoplasm!
The bat barely misses you.
You closely miss the bat. You block the bat's attack.
A ball python comes into view.
You puncture the gnoll!
The gnoll is heavily wounded.
The bat hits you but does no damage. The bat barely misses you.
The bat hits you but does no damage. The bat closely misses you.
Reach: a) +0 trident
Press: ? - help, Dir - move target, f - bat
Aim: a bat (about 58% to evade your +0 trident)
Okay, then.
You puncture the bat!
You kill the bat!
You see here a bat corpse.
You hit the gnoll.
The gnoll is moderately wounded.
The gnoll hits you with a +0 flail!
Ouch! That really hurt!
* * * LOW HITPOINT WARNING * * *
You are too injured to fight recklessly!
You are too injured to fight recklessly!
You are too injured to fight recklessly!
You are too injured to fight recklessly!
You are too injured to fight recklessly!
You are too injured to fight recklessly!
You hit the gnoll.
The gnoll is heavily wounded.
The gnoll hits you with a +0 flail!
You die...

##.##..# ##..#
#..# #S.## #...
##g## #### ##..#
## #.g## #. #K##
#.# #g#
#######.######@#
#.....[....##..#
#..........##.##
#..........##.#
#.............#
#...........###
#...........#
########..#.#
##...#


You could see 2 gnolls, a goblin, a ball python and a kobold.

Vanquished Creatures
  2 endoplasms
  3 giant cockroaches (D:1)
  A hobgoblin (D:1)
  3 kobolds (D:1)
  A quokka (D:1)
  A ball python (D:1)
  5 bats
  A frilled lizard (D:1)
  5 rats
22 creatures vanquished.

Notes
Turn   | Place    | Note
-------+----------+-------------------------------------------
     0 | D:1      | crimpus the Merfolk Fighter began the quest for the Orb.
     0 | D:1      | Reached XP level 1. HP: 18/18 MP: 1/1
   263 | D:1      | Reached skill level 1 in Dodging
   263 | D:1      | Reached XP level 2. HP: 23/24 MP: 2/2
   912 | D:2      | Slain by a gnoll

Illustrated notes

Levels and vault maps discovered:
D:1:      beargit_arrival_diablo_church, layout_loops_cross, st_stairs_9,
          minmay_misc_feat_more_columns
D:2:      layout_rooms, basic_altar, ebering_ecumenical_altar_webs, uniq_terence

Skill      XL: |  1 |
---------------+----+-----
Dodging        | 1 |  1.4
Fighting       | |  3.6
Polearms       | |  3.4
Armour         | |  2.1
Shields        | |  3.2

Action                   || total
-------------------------++-------
Melee: Trident           ||    53
Armor: Scale mail        ||    14
       Robe              ||     2
Dodge: Dodged            ||    19
Block: Buckler           ||     5
